 Dungeon Crawl Stone Soup version 0.24.1-8-ga250c9d538 (webtiles) character file.

Game seed: 16780546923960232366, levelgen mode: deterministic

9502 Peloso the Carver (level 11, 0/83 HPs)
             Began as a Demonspawn Fighter on May 8, 2020.
             Was a High Priest of Okawaru.
             Succumbed to a spiny frog's poison
             ... on level 2 of the Lair of Beasts.
             The game lasted 00:29:08 (13211 turns).

Peloso the Carver (Demonspawn Fighter)             Turns: 13211, Time: 00:29:08

Health: 0/83       AC: 20    Str: 20    XL:     11   Next: 23%
Magic:  12/12      EV: 12    Int:  9    God:    Okawaru [*****.]
Gold:   981        SH: 16    Dex: 21    Spells: 10/10 levels left

rFire    + . .     SeeInvis .   a - +0 long sword
rCold    + + .     Gourm    .   c - +0 shield
rNeg     + . .     Faith    +   d - +4 plate armour {rC+}
rPois    .         Spirit   .   (no helmet)
rElec    .         Reflect  .   l - scarf {rC+ rF+}
rCorr    .         Harm     .   O - +0 pair of fencer's gloves {Riposte Dex+3}
MR       .....                  q - +0 pair of boots
Stlth    +.........             o - amulet of faith
HPRegen  0.23/turn              t - ring of stealth
MPRegen  0.13/turn              P - ring of positive energy

@: agile, lethally poisoned (0 -> -8), flying
A: hooves 2, large bone plates 1, demonic guardian 2
a: Heroism, Finesse, Renounce Religion


You were on level 2 of the Lair of Beasts.
You worshipped Okawaru.
Okawaru was extremely pleased with you.
You were hungry.

You visited 3 branches of the dungeon, and saw 13 of its levels.

You collected 981 gold pieces.

Inventory:

Hand Weapons
 a - a +0 long sword (weapon)
 b - a +1 war axe of flaming
Armour
 c - a +0 shield (worn)
 d - a +4 plate armour of cold resistance (worn)
 k - the +4 leather armour of Plog {rC+ rN+ MR+}
   (You found it on level 8 of the Dungeon)

   It protects you from cold.
   It protects you from negative energy.
   It affects your resistance to hostile enchantments.
 l - a scarf of resistance (worn)
 q - a +0 pair of boots (worn)
 w - the +0 pair of gloves of Qinug {+Blink rC+ rCorr Int+3}
   (You found it on level 4 of the Dungeon)

   It affects your intelligence (+3).
   It protects you from cold.
   It lets you blink.
   It provides partial protection from all sources of acid and corrosion.
 C - +0 acid dragon scales
 J - a +2 pair of gloves
 O - the +0 pair of fencer's gloves (worn) {Riposte Dex+3}
   (Okawaru gifted it to you on level 8 of the Dungeon)

   It affects your dexterity (+3).
Jewellery
 o - an amulet of faith (around neck)
 t - a ring of stealth (left hand)
 z - an uncursed amulet of the gourmand {unknown}
 M - an uncursed ring of fire
 P - a ring of positive energy (right hand)
Wands
 E - a wand of polymorph (14)
 F - a wand of iceblast (11)
 G - a wand of random effects (19)
 H - a wand of acid (10)
 N - a wand of flame (36)
Scrolls
 e - a scroll of enchant weapon {unknown}
 g - 3 scrolls of fear {unknown}
 h - 4 scrolls of identify
 i - 3 scrolls of blinking
 j - 2 scrolls of magic mapping
 n - 3 scrolls of enchant armour {unknown}
 p - 3 scrolls of amnesia {unknown}
 r - 6 scrolls of remove curse
 v - a scroll of random uselessness {unknown}
 x - 4 scrolls of noise {unknown}
 y - 2 scrolls of fog {unknown}
 A - 4 scrolls of teleportation
 D - 2 scrolls of immolation {unknown}
Potions
 m - 4 potions of mutation
 s - a potion of brilliance
Miscellaneous
 u - a phantom mirror
 L - a sack of spiders
Comestibles
 f - 19 rations


   Skills:
 + Level 6.8 Fighting
 + Level 8.9 Long Blades
 + Level 7.6 Armour
 + Level 4.0 Dodging
 + Level 3.6 Stealth
 + Level 8.9 Shields
 + Level 1.9 Invocations
 + Level 1.0 Evocations


You had 10 spell levels left.
You didn't know any spells.
Your spell library contained the following spells:

 Spells                   Type           Power        Failure   Level  Hunger
 Magic Dart               Conj           #...         100%        1    ##.....
 Searing Ray              Conj           #.....       100%        2    ###....
 Dazzling Spray           Conj/Hex       #.....       100%        3    ####...
 Force Lance              Conj/Tloc      #.......     100%        4    #####..
 Fulminant Prism          Conj/Hex       #.........   100%        4    #####..
 Iskenderun's Mystic Bla  Conj           #.......     100%        4    #####..


Dungeon Overview and Level Annotations

Branches:
Dungeon (10/15)            Temple (1/1) D:5            Lair (2/6) D:8
    Orc (0/2) D:10
  Swamp: Lair:2-4    Shoals: Lair:2-4     Snake: Lair:2-4    Spider: Lair:2-4

Altars:
Ashenzari
Cheibriados
Dithmenos
Elyvilon
Fedhas
Gozag
Hepliaklqana
Makhleb
Nemelex Xobeh
Okawaru
Qazlal
Ru
Sif Muna
Trog
Uskayaw
Vehumet
Wu Jian
Xom
Yredelemnul
Zin
The Shining One

Annotations:
D:5 1 runed translucent door, letownia's ghost, novice GnEE


Innate Abilities, Weirdness & Mutations

You have hoof-like feet.
You are partially covered in large bone plates. (SH +4)
A demonic guardian rushes to your aid.


Message History

The porcupine is almost dead.
You hit the porcupine but do no damage.
The porcupine is almost dead.
* * * LOW HITPOINT WARNING * * *
You feel sick.
Your smoke demon hits the porcupine but does no damage.
Your smoke demon hits the porcupine.
Your smoke demon closely misses the porcupine.
You block the porcupine's attack.
Your shield and plate armour prevent you from hitting the porcupine.
The porcupine is almost dead.
* * * LOW HITPOINT WARNING * * *
You feel sick.
Your smoke demon gestures at the porcupine.
The sticky flame hits the porcupine!
The porcupine dies!
Okawaru accepts your kill.
Okay, then.
Unknown command.
You die...

#.....###....#
#....P##..P.#
###.<..##.....#P≈
#.#...###......
##.<.###P[..#
#....###...##
#.........P.##
#....†..P3[..##
#....P...P@†...#
##....#.#.....PP...
#...###.###........
##..# #.P .#P#...P.
##.# #.### ##.....
#. ..# .... .. ....
...


You could see a friendly smoke demon.

Vanquished Creatures
  Joseph (D:9)
  2 spiny frogs
  A slime creature (D:9)
  3 hippogriffs
  2 blink frogs (Lair:1)
  A wraith (D:10)
  A yak (D:10)
  A vampire (D:10)
  An acid dragon (D:9)
  2 water moccasins
  A hornet zombie (D:10)
  A black bear (D:7)
  An orc warrior (D:9)
  3 sky beasts
  6 ogres
  2 crocodiles
  3 centaurs
  7 bullfrogs
  A killer bee (D:6)
  2 scorpions
  A howler monkey (D:7)
  5 electric eels (D:8)
  4 crimson imps
  5 hounds
  3 jellies
  3 orc priests (D:10)
  6 orc wizards
  2 bullfrog skeletons
  An iguana (D:8)
  3 worker ants
  A killer bee zombie (D:7)
  A hound skeleton (D:6)
  A howler monkey zombie (D:5)
  A worker ant zombie (D:5)
  12 gnolls
  10 adders
  A shadow imp (D:9)
  2 adder skeletons
  3 dart slugs
  5 leopard geckos
  20 orcs
  11 giant cockroaches
  7 goblins
  7 hobgoblins
  7 jackals
  12 kobolds
  4 quokkas
  12 bats
  7 frilled lizards
  A leopard gecko zombie (D:6)
  2 quokka skeletons
  6 rats
208 creatures vanquished.

Vanquished Creatures (collateral kills)
  A tengu warrior (D:9)
  A gargoyle (D:9)
  A komodo dragon (D:8)
  A troll (D:9)
  Grinder (D:3)
  3 blink frogs (Lair:1)
  2 hippogriffs
  A vampire (D:9)
  3 yaks (D:10)
  2 humans
  A hungry ghost (D:8)
  4 hogs (D:7)
  A warg (D:10)
  A porcupine (Lair:2)
  2 orc warriors
  Duvessa (D:7)
  An ice beast (D:9)
  A sky beast (D:5)
  2 black bears
  2 ogres
  A necrophage (D:9)
  3 centaurs
  2 big kobolds
  Dowan (D:7)
  2 scorpions (D:9)
  3 killer bees (D:6)
  3 howler monkeys
  A crimson imp (D:9)
  A hound (D:9)
  An orc priest (D:10)
  A jelly (D:9)
  An iguana (D:5)
  A worker ant (D:9)
  2 orc wizards
  2 gnolls (D:2)
  3 adders
  A worm (D:6)
  7 orcs
  A giant cockroach (D:5)
  10 kobolds
  A frilled lizard (D:4)
80 creatures vanquished.

Vanquished Creatures (others)
  2 plants (D:8)
  2 withered plants (D:5)
4 creatures vanquished.

Grand Total: 292 creatures vanquished

Notes
Turn   | Place    | Note
-------+----------+-------------------------------------------
     0 | D:1      | Peloso the Demonspawn Fighter began the quest for the Orb.
     0 | D:1      | Reached XP level 1. HP: 18/18 MP: 1/1
   472 | D:1      | Gained mutation: You have large cloven feet. [demonic
                  | ancestry]
   472 | D:1      | Reached XP level 2. HP: 21/24 MP: 2/2
   568 | D:1      | Gained mutation: A weak demonic guardian rushes to your
                  | aid. [demonic ancestry]
   568 | D:1      | Reached XP level 3. HP: 8/29 MP: 3/3
   983 | D:2      | Found a radiant altar of Vehumet.
   983 | D:2      | Found a burning altar of Makhleb.
  1047 | D:2      | Reached XP level 4. HP: 11/35 MP: 4/4
  1048 | D:2      | Reached skill level 1 in Dodging
  1636 | D:2      | Found a bloodstained altar of Trog.
  2043 | D:2      | Gained mutation: A demonic guardian rushes to your aid.
                  | [demonic ancestry]
  2043 | D:2      | Reached XP level 5. HP: 28/41 MP: 5/5
  2341 | D:3      | Noticed Grinder
  2352 | D:3      | Killed Grinder
  2352 | D:3      | Reached XP level 6. HP: 25/47 MP: 6/6
  3024 | D:4      | Noticed an air elemental
  3026 | D:4      | Found a stormy altar of Qazlal.
  3027 | D:4      | Noticed a fire elemental
  3027 | D:4      | Noticed a water elemental
  3283 | D:4      | Got a pair of pitted gloves
  3289 | D:4      | Identified the +0 pair of gloves of Qinug {+Blink rC+ rCorr
                  | Int+3} (You found it on level 4 of the Dungeon)
  3602 | D:4      | Gained mutation: You are partially covered in large bone
                  | plates. (SH +4) [demonic ancestry]
  3602 | D:4      | Reached XP level 7. HP: 53/53 MP: 7/7
  3723 | D:5      | Entered Level 5 of the Dungeon
  3907 | D:5      | Noticed letownia's ghost (novice GnEE)
  3908 | D:5      | Found a runed translucent door.
  3937 | D:5      | Found a staircase to the Ecumenical Temple.
  3953 | Temple   | Entered the Ecumenical Temple
  4017 | Temple   | Became a worshipper of Warmaster Okawaru
  4504 | D:5      | Reached * piety under Okawaru
  4504 | D:5      | Reached skill level 5 in Long Blades
  4508 | D:5      | Reached skill level 5 in Shields
  4508 | D:5      | Reached XP level 8. HP: 48/60 MP: 8/8
  4876 | D:5      | Reached skill level 5 in Armour
  5452 | D:6      | Reached ** piety under Okawaru
  6615 | D:7      | Reached skill level 5 in Fighting
  6659 | D:7      | Reached *** piety under Okawaru
  6667 | D:7      | Reached skill level 1 in Stealth
  6667 | D:7      | Gained mutation: You have hoof-like feet. [demonic
                  | ancestry]
  6667 | D:7      | Reached XP level 9. HP: 65/68 MP: 9/9
  6667 | D:7      | Noticed Duvessa
  6670 | D:7      | Noticed Dowan
  6680 | D:7      | Killed Duvessa
  6681 | D:7      | Killed Dowan
  6935 | D:7      | Reached **** piety under Okawaru
  7319 | D:8      | Got a scorched leather armour
  7325 | D:8      | Identified the +4 leather armour of Plog {rC+ rN+ MR+} (You
                  | found it on level 8 of the Dungeon)
  7359 | D:8      | Found a staircase to the Lair.
  7360 | D:8      | Noticed a komodo dragon
  7534 | D:8      | Killed a komodo dragon
  8046 | D:8      | Reached ***** piety under Okawaru
  8095 | D:8      | Found a shadowy altar of Dithmenos.
  8147 | D:8      | Received a gift from Okawaru
  8148 | D:8      | Found the +0 pair of fencer's gloves {Riposte Dex+3}
  8365 | D:9      | Reached XP level 10. HP: 76/76 MP: 10/10
  9206 | D:9      | Noticed Joseph
  9228 | D:9      | Killed Joseph
  9228 | D:9      | Reached skill level 1 in Invocations
  9414 | D:9      | Found a sacrificial altar of Ru.
  9414 | D:9      | Found a shimmering blue altar of Sif Muna.
  9654 | D:9      | Noticed a tengu warrior
  9674 | D:9      | Noticed a gargoyle
  9680 | D:9      | Killed a tengu warrior
  9746 | D:9      | Killed a gargoyle
 10166 | D:10     | Entered Level 10 of the Dungeon
 10208 | D:10     | Reached skill level 1 in Evocations
 10248 | D:10     | Received a gift from Okawaru
 10270 | D:10     | HP: 3/77 [orc priest/divine providence (10)]
 11000 | D:10     | Found a staircase to the Orcish Mines.
 11063 | D:10     | Received a gift from Okawaru
 11919 | D:10     | Noticed a two-headed ogre
 11919 | D:10     | Noticed a deep elf archer
 11921 | D:10     | Noticed a tengu warrior
 11923 | D:10     | Noticed a deep elf mage
 11924 | D:10     | Noticed a centaur warrior
 12163 | Lair:1   | Entered Level 1 of the Lair of Beasts
 12176 | Lair:1   | Reached XP level 11. HP: 73/83 MP: 12/12
 13202 | Lair:2   | Received a gift from Okawaru
 13206 | Lair:2   | HP: 3/83 [porcupine (6)]
 13210 | Lair:2   | HP: 1/83 [poisoned by a spiny frog]
 13211 | Lair:2   | Succumbed to a spiny frog's poison

Levels and vault maps discovered:
D:1:      dpeg_arrival_rooms_c, layout_rooms
D:2:      layout_rooms, gammafunk_temple_overflow_wave, corner_web_ring,
          st_stairs_8, bloody_trog
D:3:      layout_rooms, uniq_grinder
D:4:      layout_layer_cave, roderic_serpentine_path,
          nicolae_qazlal_style_of_elements
D:5:      minmay_polygon_palace, layout_basic, gammafunk_ghost_grave,
          first_ration
D:6:      layout_basic
D:7:      layout_loops_ring, skrybe_limestone_x, grunt_livestock, uniq_duvessa
D:8:      layout_loops_corners, david_lair_shrubbed, kennysheep_cross_room,
          lemuel_altar_in_water
D:9:      layout_big_octagon, gammafunk_temple_overflow_statue,
          minmay_the_grid_2x2 [minmay_the_grid_minigrid_small,
          minmay_the_grid_embedded, minmay_the_grid_tree,
          minmay_the_grid_prize_shrinking_boxes], uniq_joseph
D:10:     layout_gridville, erik_orc_4, serial_bayou_pond_a,
          onia_ninara_dug_in_and_dangerous
Temple:   eino_narrow_crystal_temple
Lair:1:   layout_gridlike
Lair:2:   layout_misc_corridors, skrybe_swamp_entry_bodies,
          guppyfry_snake_entry_garden, small_statue_intersection

Skill      XL: |  1  2  3  4  5  6  7  8  9 10 |
---------------+-------------------------------+-----
Shields        | 3 4 5 7 8 |  8.9
Long Blades    | 2 3 4 5 6 7 8 |  8.9
Armour         | 3 4 5 6 7 |  7.6
Dodging        | 1 2 3 4 |  4.0
Fighting       | 4 5 6 |  6.8
Stealth        | 1 2 3 |  3.6
Invocations    | 1 |  1.9
Evocations     | 1 |  1.0

Action                   |  1- 3 |  4- 6 |  7- 9 | 10-12 || total
-------------------------+-------+-------+-------+-------++-------
Melee: Long sword        |   121 |   194 |   376 |   470 ||  1161
       Kick              |    17 |    12 |       |       ||    29
Invok: Heroism           |       |       |     1 |    12 ||    13
Evoke: Wand              |       |       |     8 |     4 ||    12
  Use: Potion            |     4 |       |       |    14 ||    18
       Scroll            |       |     3 |     2 |     3 ||     8
 Stab: Sleeping          |       |       |     4 |       ||     4
       Distracted        |       |       |       |     1 ||     1
  Eat: Chunk             |       |     8 |    10 |    12 ||    30
       Ration            |       |       |     2 |     1 ||     3
Armor: Scale mail        |    93 |   120 |   129 |       ||   342
       Leather armour    |       |       |    10 |    26 ||    36
       Plate armour      |       |       |       |   134 ||   134
Dodge: Dodged            |    46 |    96 |   105 |   133 ||   380
       Deflected         |       |       |       |     3 ||     3
Block: Shield            |    92 |   141 |   264 |   409 ||   906
       Rpst.: Long sword |    17 |    37 |    26 |    83 ||   163
